 Dungeon Crawl Stone Soup version 0.31.0-11-ge490571c62 (webtiles) character file.

Game seed: 2700314625674893297

81 Marvel the Trooper (level 4, -6/40 HPs)
             Began as a Draconian Fighter on Feb 10, 2024.
             Mangled by Sigmund
             ... wielding a +3 heavy scythe
              (21 damage)
             ... on level 2 of the Dungeon.
             The game lasted 00:02:49 (1186 turns).

Marvel the Trooper (Draconian Fighter)              Turns: 1186, Time: 00:02:50

Health: -6/40      AC:  5    Str: 20    XL:     4   Next: 20%
Magic:  4/4        EV: 12    Int:  9    God:
Gold:   137        SH:  5    Dex: 14    Spells: 3/3 levels left

rFire   . . .        i - +10 whip "Getigeki" {freeze, ^Contam *Slow Dex+4 Stlth+}
rCold   . . .        b - +0 buckler
rNeg    . . .        (body armour unavailable)
rPois   .            (helmet restricted)
rElec   .            (no cloak)
rCorr   .            (no gloves)
SInv    .            (no boots)
Will    .....        (no amulet)
Stlth   +++          (no ring)
HPRegen 0.26/turn    (no ring)
MPRegen 0.09/turn

%: slow self (1%)
@: no status effects
A: AC +5, unfitting armour, cold-blooded
a: no special abilities


You were on level 2 of the Dungeon.
You visited 1 branch of the dungeon, and saw 2 of its levels.

You collected 137 gold pieces.

Inventory:

Hand Weapons
 a - a +0 flail
 i - the +10 whip "Getigeki" (weapon) {freeze, ^Contam *Slow Dex+4 Stlth+}
   (You found it on level 2 of the Dungeon)

   Dex+4:     It affects your dexterity (+4).
   ^Contam:   It causes magical contamination when unequipped.
   *Slow:     It may slow you when you take damage.
   Stlth+:    It makes you more stealthy.
Armour
 b - a +0 buckler (worn)
Scrolls
 g - a scroll of identify {unknown}
 h - a scroll of immolation {unknown}
 j - a scroll of enchant armour {unknown}
 k - a scroll of teleportation {unknown}
Potions
 c - a potion of might
 e - a potion of degeneration {unknown}
 f - 2 potions of lignification


   Skills:
 + Level 3.9 Fighting
 + Level 2.8 Maces & Flails
 + Level 3.2 Dodging
 + Level 0.9 Stealth
 + Level 3.4 Shields


You had 3 spell levels left.
You didn't know any spells.
Your spell library was empty.

Dungeon Overview and Level Annotations

Branches:
Dungeon (2/15)

Altars:

Annotations:
D:2 Sigmund


Innate Abilities, Weirdness & Mutations

Your plain brown scales are hard. (AC +5)
You cannot fit into any form of body armour.
You are cold-blooded and may be slowed by cold attacks.


Message History

The stream of webbing hits you but does no damage.
You are caught in a web!
There is a web here.
The web tears apart.
You block the ribbon worm's attack.
You whack the ribbon worm! You freeze the ribbon worm.
The ribbon worm is heavily wounded.
You block the ribbon worm's attack.
You whack the ribbon worm! You freeze the ribbon worm.
You kill the ribbon worm!
You see here a ribbon worm corpse.
There is a stone staircase leading up here.
Sigmund points at you and mumbles some strange words.
You resist with some effort.
Sigmund points at you and mumbles some strange words.
You are confused.
You are too confused!
You bump into the rock wall.
Sigmund gestures at you while chanting. You resist with some effort.
Sigmund gestures wildly while chanting.
Sigmund flickers and vanishes!
Deactivating autopickup; reactivate with Ctrl-A.
You hear some strange, mumbled words.
You are more confused.
You bump into the rock wall.
You hear some strange, mumbled words.
Something tries to affect you, but you resist.
You bump into the rock wall.
You hear some strange, mumbled words.
A puff of flame appears from out of thin air!
The puff of flame hits you!
You whack something! You freeze something.
Your tail-slap misses something.
Something hits you!
You're too confused to move!
You bump into the rock wall.
You feel less confused. Something hits you!!
Ouch! That really hurt!
You die...

#.# #.†....#
#.###<####.##
#.....# #.>.######
###.### #.........
#.# #...###### #.#
##### #.#
#########.#
#.....{@..# ####
#.######### ##...##
#.#
##.....###b########
#..[.....).........
..........[........
........###[#####..
........# #........
#.......###........


There were no monsters in sight!

Vanquished Creatures
  Robin (D:2)
  An adder (D:2)
  2 ribbon worms (D:2)
  A dart slug (D:1)
  A ball python (D:1)
  3 bats
  8 endoplasms
  A giant cockroach (D:2)
  8 goblins
  10 hobgoblins
  2 quokkas
  5 kobolds
  2 rats
45 creatures vanquished.

Notes
Turn   | Place    | Note
-------+----------+-------------------------------------------
     0 | D:1      | Marvel the Draconian Fighter began the quest for the Orb.
     0 | D:1      | Reached XP level 1. HP: 19/19 MP: 1/1
   109 | D:1      | Reached XP level 2. HP: 26/26 MP: 2/2
   542 | D:2      | Reached XP level 3. HP: 33/33 MP: 3/3
   612 | D:2      | Noticed Robin
   629 | D:2      | Killed Robin
   801 | D:2      | Identified the +10 whip "Getigeki" {freeze, ^Contam *Slow
                  | Dex+4 Stlth+}
   983 | D:2      | Reached XP level 4. HP: 40/40 MP: 4/4
   996 | D:2      | Noticed Sigmund
  1186 | D:2      | Mangled by Sigmund

Illustrated notes

Levels and vault maps discovered:
D:1:      roderic_dead_forest, layout_basic, minmay_misc_feat_tiny
D:2:      layout_loops_ring, uniq_robin, uniq_sigmund

Skill      XL: |  1  2 |
---------------+-------+-----
Dodging        | 3 |  3.2
Fighting       | |  3.9
Maces & Flails | |  2.8
Stealth        | |  0.9
Shields        | |  3.4

Action                     |  1- 3 |  4- 6 || total
---------------------------+-------+-------++-------
  Melee: Flail             |    95 |       ||    95
         Tailslap          |     9 |       ||     9
         Whip              |     9 |     8 ||    17
    Use: Scroll            |       |     1 ||     1
         Potion            |       |     1 ||     1
   Stab: Sleeping          |     3 |       ||     3
 Armour: Skin              |    40 |    15 ||    55
  Dodge: Dodged            |    49 |    13 ||    62
  Block: Buckler           |    18 |     9 ||    27
